 Dungeon Crawl Stone Soup version 0.29.1-15-g9cfb28693d (webtiles) character file.

Game seed: 5559733311252058618

3139 hawla the Cruncher (level 10, 0/71 HPs)
             Began as a Meteoran Fire Elementalist on Apr 27, 2023.
             Was an Initiate of Vehumet.
             Slain by a skeletal warrior
             ... wielding a +0 dire flail
              (21 damage)
             ... on level 8 of the Dungeon.
             The game lasted 00:23:36 (4692 turns).

hawla the Cruncher (Meteoran Fire Elementalist)     Turns: 4692, Time: 00:23:36

Health: 0/71       AC: 10    Str: 11    XL:     10   Next: 37%
Magic:  13/19      EV: 13    Int: 21    God:    Vehumet [......]
Gold:   358        SH:  0    Dex: 14    Spells: 9/20 levels left

rFire   + . .      SeeInvis .   v - +4 whip
rCold   . . .      Faith    .   (no shield)
rNeg    . . .      Spirit   .   x - +0 steam dragon scales
rPois   .          Reflect  .   (no helmet)
rElec   .          Harm     .   m - +2 cloak
rCorr   .          Rampage  .   (no gloves)
Will    ++...                   w - +1 pair of boots
Stlth   +.........              (no amulet)
HPRegen 0.21/turn               h - ring of protection from fire
MPRegen 0.16/turn               l - ring of willpower

@: glowing, studying Staves
A: sense surroundings 2, otherworldly, glowing, explore regen
a: Renounce Religion


You were on level 8 of the Dungeon.
You worshipped Vehumet.
Vehumet was noncommittal.
You visited 2 branches of the dungeon, and saw 9 of its levels.
You also visited: Sewer and Ossuary.

You collected 560 gold pieces.
You spent 202 gold pieces at shops.

Inventory:

Hand Weapons
 t - a +2 halberd of pain
 v - a +4 whip (weapon)
Armour
 m - a +2 cloak (worn)
 w - a +1 pair of boots (worn)
 x - +0 steam dragon scales (worn)
Magical Staves
 n - a staff of earth
Jewellery
 h - a ring of protection from fire (left hand)
 i - a ring of ice
 l - a ring of willpower (right hand)
 q - the ring of Anil {Fire rElec Will+ Str-5}
   (You found it on level 5 of the Dungeon)

   [ring of fire]

   It enhances your fire magic.
   Str:       It affects your strength (-5).
   rF:        It protects you from fire.
   rC:        It makes you vulnerable to cold.
   rElec:     It insulates you from electricity.
   Will:      It increases your willpower.
 u - a ring of protection from fire
Wands
 o - a wand of iceblast (13)
 p - a wand of polymorph (9)
 r - a wand of mindburst (19) (quivered)
Scrolls
 d - 2 scrolls of poison
Potions
 b - 3 potions of flight
 e - 9 potions of heal wounds
 f - 6 potions of curing
 g - a potion of haste
 j - a potion of lignification
 k - a potion of resistance
 z - a potion of brilliance {unknown}


   Skills:
 + Level 1.1 Fighting
 + Level 0.7(8.3) Maces & Flails
 - Level 12.0 Staves
 + Level 3.7 Dodging
 - Level 1.4 Stealth
 + Level 5.9 Spellcasting
 + Level 6.2 Conjurations
 + Level 6.9 Fire Magic
 + Level 7.2 Air Magic
 + Level 3.0 Earth Magic
 + Level 3.0 Evocations


You had 9 spell levels left.
You knew the following spells:

 Your Spells              Type           Power      Damage    Failure   Level
a - Foxfire               Conj/Fire      100%       2x1d9     1%          1
b - Scorch                Fire           70%        2d9       1%          2
c - Flame Wave            Conj/Fire      33%        2d10      7%          4
d - Airstrike             Air            18%        2d(3-19)  4%          4

Your spell library contained the following spells:

 Spells                   Type           Power      Damage    Failure   Level
 Shock                    Conj/Air       100%       1d9       1%          1
 Conjure Flame            Conj/Fire      33%        6-21      1%          3
 Swiftness                Air            36%        N/A       1%          3
 Inner Flame              Hex/Fire       20%        N/A       7%          3
 Tukima's Dance           Hex            6%         N/A       30%         3
 Discord                  Hex            3%         N/A       100%        8


Dungeon Overview and Level Annotations

Branches:
Dungeon (8/15) Zot: 897    Temple (1/1) D:7 Zot: 157   Sewer (visited)
Ossuary (visited)
   Lair: D:8-11

Altars:
Ashenzari
Cheibriados
Dithmenos
Elyvilon
Fedhas
Gozag
Hepliaklqana
Kikubaaqudgha
Makhleb
Okawaru
Qazlal
Ru
Sif Muna
Uskayaw
Vehumet
Wu Jian
Xom
Yredelemnul
Zin
The Shining One

Shops:
D:6 ?   D:8 (

Annotations:
D:5 dig
D:6 dig


Innate Abilities, Weirdness & Mutations

You passively map the area around you.
You are easily found by Zot.
You glow in the dark.
You regain HP and MP as you explore.


Message History

The flame wave engulfs the skeletal warrior but does no damage.
The skeletal warrior is lightly damaged. (Press . to intensify the flame waves.)
You hear a croak.
You hear a shout! x2
Your killer bee stings the skeletal warrior but does no damage.
The skeletal warrior hits you with a +0 dire flail!!
The skeletal warrior hits your killer bee with a +0 short sword!
Your killer bee dies!
Your killer bee's corpse dissolves into shadows!
A wave of flame ripples out!
The flame wave engulfs the skeletal warrior but does no damage.
The skeletal warrior is lightly damaged.
You hear a shout! x2
A bullfrog comes into view.
The skeletal warrior closely misses you.
Unknown command.
A wave of flame ripples out!
The flame wave engulfs the skeletal warrior but does no damage.
The skeletal warrior is lightly damaged.
The flame wave engulfs the skeletal warrior but does no damage.
The skeletal warrior is moderately damaged.
You finish channelling waves of flame.
Unknown command.
As you read the scroll of magic mapping, it crumbles to dust.
You feel aware of your surroundings.
The skeletal warrior hits you with a +0 dire flail!
The skeletal warrior hits you with a +0 short sword!
* * * LOW HITPOINT WARNING * * *
The skeletal warrior closely misses you.
The skeletal warrior attacks as you move away!
The skeletal warrior completely misses you.
The skeletal warrior attacks as you move away!
The skeletal warrior hits you with a +0 dire flail!
* * * LOW HITPOINT WARNING * * *
The skeletal warrior attacks as you move away!
The skeletal warrior hits you with a +0 dire flail.
* * * LOW HITPOINT WARNING * * *
There is a stone staircase leading down here.
The skeletal warrior hits you with a +0 dire flail!!
You die...

,,,,,,^#.#.....#...<.#
,,,,,^^#........###.##
*,,,^,,#....∩...# #(#
**,,,,*#........###.######
**,,,**#.#..)†.#.........#
,**^,* #.##...##....####.#
***,** #....####.#### #.#
*** #.#### #.# #.# #.# #@#
#.# #.# #z# #.# #.# #####z#
#.# *** #.###...#F# #.##
,,* #....#.#..## #..# *,*
###...#z#...### ##.# *,**
*#.....#F#.....#* #.#
,,,***,..###...###...####.#
*,,,.,,,#...#.#...#.......#


You could see 2 skeletal warriors and a bullfrog.

Vanquished Creatures
  Maggie (D:7)
  Prince Ribbit (D:7)
  Menkaure (D:7)
  A water moccasin (D:6)
  A black bear (D:6)
  An ogre (D:5)
  3 ice beasts
  2 sky beasts
  A centaur (D:6)
  2 phantoms
  3 kobold brigands
  A gnoll sergeant (D:7)
  2 scorpions
  3 killer bees (D:8)
  4 howler monkeys
  A hound (D:5)
  2 gnoll boudas (D:7)
  4 jellies
  2 orc priests (D:4)
  2 orc wizards
  4 iguanas (D:7)
  7 mummies (Ossuary)
  15 gnolls
  6 adders
  7 river rats
  A shadow imp (D:5)
  A white imp (D:5)
  An ufetubus (D:6)
  2 worms (D:3)
  A dart slug (D:4)
  16 orcs
  A ball python (D:3)
  2 endoplasms
  2 giant cockroaches
  7 goblins
  3 hobgoblins
  10 jackals
  15 kobolds
  2 quokkas
  A frilled lizard (D:3)
  A gnoll zombie (Ossuary)
  3 hobgoblin zombies (Ossuary)
  A kobold zombie (Ossuary)
  9 rats
156 creatures vanquished.

Vanquished Creatures (collateral kills)
  A mummy (Ossuary)
  A gnoll zombie (Ossuary)
  A hobgoblin zombie (Ossuary)
  An orc zombie (Ossuary)
4 creatures vanquished.

Vanquished Creatures (others)
  2 demonic plants (D:1)
  331 foxfires
  2 fungi
335 creatures vanquished.

Grand Total: 495 creatures vanquished

Notes
Turn   | Place    | Note
-------+----------+-------------------------------------------
     0 | D:1      | hawla the Meteoran Fire Elementalist began the quest for
                  | the Orb.
     0 | D:1      | Reached XP level 1. HP: 14/14 MP: 5/5
    49 | D:1      | Reached XP level 2. HP: 20/20 MP: 3/6
   177 | D:3      | Learned a level 2 spell: Scorch
   201 | D:3      | Reached XP level 3. HP: 18/26 MP: 4/8
   257 | D:3      | Reached XP level 4. HP: 25/34 MP: 1/9
   332 | D:3      | Reached skill level 5 in Fire Magic
   332 | D:3      | Reached XP level 5. HP: 37/39 MP: 7/10
   350 | D:3      | Found a glowing drain.
   355 | Sewer    | Entered a sewer
   424 | Sewer    | Noticed a kobold brigand
   429 | Sewer    | Killed a kobold brigand
   430 | Sewer    | Reached XP level 6. HP: 46/46 MP: 5/13
   435 | Sewer    | Learned a level 4 spell: Flame Wave
   462 | Sewer    | Found a white marble altar of Elyvilon.
   787 | D:4      | Reached skill level 5 in Conjurations
   787 | D:4      | Reached XP level 7. HP: 51/51 MP: 10/14
  1190 | D:5      | Entered Level 5 of the Dungeon
  1199 | D:5      | Reached skill level 1 in Staves
  1229 | D:5      | Reached skill level 2 in Staves
  1263 | D:5      | Reached skill level 4 in Staves
  1288 | D:5      | Identified the +2 leather armour of the End {rElec rF-
                  | rCorr SInv}
  1322 | D:5      | Reached skill level 6 in Staves
  1322 | D:5      | Reached XP level 8. HP: 58/58 MP: 8/15
  1524 | D:5      | Identified the ring of Anil {Fire rElec Will+ Str-5}
  1549 | D:5      | Reached skill level 7 in Staves
  1736 | D:6      | Reached skill level 8 in Staves
  1896 | D:6      | Reached skill level 9 in Staves
  2025 | D:6      | Reached skill level 10 in Staves
  2041 | D:6      | Found Veqejol's Magic Scroll Shoppe.
  2053 | D:6      | Bought a scroll of teleportation for 45 gold pieces
  2053 | D:6      | Bought a scroll of teleportation for 45 gold pieces
  2053 | D:6      | Bought a scroll of blinking for 112 gold pieces
  2149 | D:6      | Reached skill level 11 in Staves
  2163 | D:6      | Gained mutation: You passively map the area around you.
                  | [Meteoran growth]
  2163 | D:6      | Reached XP level 9. HP: 63/63 MP: 6/16
  2204 | D:6      | Reached skill level 12 in Staves
  2225 | D:6      | Reached skill level 1 in Evocations
  2843 | D:7      | Noticed Prince Ribbit
  2877 | D:7      | Learned a level 4 spell: Airstrike
  2959 | D:7      | Killed Prince Ribbit
  3000 | D:7      | Noticed Menkaure
  3003 | D:7      | Killed Menkaure
  3037 | D:7      | Found a sand-covered staircase.
  3042 | Ossuary  | Entered an ossuary
  3105 | Ossuary  | Reached skill level 5 in Air Magic
  3367 | D:7      | Noticed Maggie
  3373 | D:7      | Killed Maggie
  3374 | D:7      | Reached XP level 10. HP: 70/70 MP: 9/18
  3456 | D:7      | Reached skill level 5 in Spellcasting
  3634 | D:7      | Got the Anthology of Enchantment
  3696 | D:7      | Found a staircase to the Ecumenical Temple.
  3817 | Temple   | Entered the Ecumenical Temple
  4221 | Temple   | Became a worshipper of Vehumet
  4298 | D:8      | Noticed a skeletal warrior
  4304 | D:8      | Noticed a skeletal warrior
  4416 | D:7      | Reached skill level 1 in Fighting
  4536 | D:8      | Noticed a skeletal warrior
  4552 | D:8      | Found Riruuv's Weapon Shoppe.
  4692 | D:8      | Slain by a skeletal warrior

Illustrated notes

Levels and vault maps discovered:
D:1:      saegor_arrival_simple_a, layout_basic, shapermc_ecumenical_altar_gd
D:2:      layout_basic
D:3:      layout_basic, jmf_multi_god_temple2, lightli_sewer_entry_pipes,
          minmay_ruptured
D:4:      layout_loops_ring
D:5:      layout_cave_pools, due_unseen_surprise
D:6:      cheibrodos_quashed, layout_layer_cave, serial_shops, shop,
          grunt_ministairs_6
D:7:      layout_loops_ring, minmay_temple_entry_trees,
          nicolae_ossuary_entry_false_entrances, st_stairs_4,
          minmay_curled_crystal, minmay_misc_feat_hallway, hex_tiny,
          eino_small_chamber_without_monster, uniq_menkaure,
          uniq_prince_ribbit1, uniq_maggie
D:8:      old_forge, layout_loops_ring, serial_shops,
          nicolae_shop_bloodbath_and_beyond, nicolae_titane, uniq_erica
Temple:   mainiacjoe_temple_big_plus

Skill      XL: |  1  2  3  4  5  6  7  8  9 10 |
---------------+-------------------------------+-----
Fire Magic     | 4 5 6 |  6.9
Spellcasting   | 3 4 5 |  5.9
Conjurations   | 2 3 5 6 |  6.2
Dodging        | 3 |  3.7
Staves         | 6 11 12 | 12.0
Earth Magic    | 3 |  3.0
Evocations     | 3 |  3.0
Air Magic      | 7 |  7.2
Fighting       | 1 |  1.1
Maces & Flails | |  0.7
Stealth        | |  1.4

Action                   |  1- 3 |  4- 6 |  7- 9 | 10-12 || total
-------------------------+-------+-------+-------+-------++-------
Melee: Unarmed           |     8 |    13 |     2 |       ||    23
       Punch             |       |     1 |     1 |       ||     2
       Staff             |       |       |    51 |       ||    51
       Whip              |       |       |       |    14 ||    14
 Cast: Foxfire           |    30 |    35 |    96 |    33 ||   194
       Scorch            |       |    21 |    38 |    16 ||    75
       Flame Wave        |       |       |    11 |     5 ||    16
       Airstrike         |       |       |       |     4 ||     4
  Use: Scroll            |     3 |     2 |    10 |     6 ||    21
       Potion            |       |     1 |     2 |     1 ||     4
Armor: Robe              |     2 |     3 |    14 |       ||    19
       Skin              |       |       |    54 |       ||    54
       Steam dragon scal |       |       |       |    19 ||    19
Dodge: Dodged            |     5 |    16 |    45 |    27 ||    93
